 Dungeon Crawl Stone Soup version 0.27-a0-773-gaaee5cf45b (webtiles) character file.

Game seed: 89524278263062875

33 porpoise the Skirmisher (level 3, -3/27 HPs)
             Began as an Octopode Fighter on Mar 26, 2021.
             Slain by a sky beast (5 damage)
             ... on level 2 of the Dungeon.
             The game lasted 00:03:08 (1157 turns).

porpoise the Skirmisher (Octopode Fighter)          Turns: 1157, Time: 00:03:09

Health: -3/27      AC:  1    Str: 15    XL:     3   Next: 29%
Magic:  0/3        EV: 11    Int: 11    God:
Gold:   14         SH:  8    Dex: 11    Spells: 2/2 levels left

rFire    . . .     SeeInvis .   a - +0 rapier
rCold    . . .     Faith    .   h - +0 kite shield
rNeg     . . .     Spirit   +   (helmet restricted)
rPois    .         Reflect  .   j - amulet of guardian spirit
rElec    .         Harm     .   (no ring)
rCorr    .         Rampage  .   (no ring)
Will     .....                  (no ring)
Stlth    +++.......             (no ring)
HPRegen  0.09/turn              (no ring)
MPRegen  0.08/turn              (no ring)
                                (no ring)
                                (no ring)

@: no status effects
A: almost no armour, amphibious, 8 rings, camouflage 1, gelatinous body 1,
nimble swimmer 1, tentacles
a: no special abilities


You were on level 2 of the Dungeon.
You visited 1 branch of the dungeon, and saw 2 of its levels.

You collected 14 gold pieces.

Inventory:

Hand Weapons
 a - a +0 rapier (weapon)
 b - a +0 hunting sling
Missiles
 l - 7 poisoned darts (quivered)
Armour
 h - a +0 kite shield (worn)
Jewellery
 j - an amulet of guardian spirit (around mantle)
Scrolls
 f - a scroll of teleportation {unknown}
 g - a scroll of silence {unknown}
 i - a scroll of fear {unknown}
Potions
 c - a potion of might
 d - a potion of mutation {unknown}
 e - a potion of curing {unknown}
 k - a potion of flight {unknown}


   Skills:
 + Level 3.7 Fighting
 - Level 2.0 Short Blades
 - Level 3.0 Dodging
 + Level 2.8 Stealth
 - Level 3.0 Shields


You had 2 spell levels left.
You didn't know any spells.
Your spell library contained the following spells:

 Spells                   Type           Power      Damage    Failure   Level
 Magic Dart               Conj           0%         1d3       86%         1
 Blink                    Tloc           N/A        N/A       94%         2
 Call Imp                 Summ           0%         N/A       94%         2
 Slow                     Hex            0%         N/A       94%         2
 Conjure Flame            Conj/Fire      0%         6-21      99%         3
 Mephitic Cloud           Conj/Pois/Air  0%         N/A       99%         3


Dungeon Overview and Level Annotations

Branches:
Dungeon (2/15)

Altars:


Innate Abilities, Weirdness & Mutations

You cannot wear most types of armour.
You are amphibious.
You can wear up to eight rings at the same time.
Your skin changes colour to match your surroundings (Stealth+).
Your rubbery body absorbs attacks. (AC +1, EV +1)
You are stealthy while swimming. (Stealth+)
You have tentacles for arms and can constrict up to eight enemies at once.


Message History

Unknown command.
A ball python is nearby!
You puncture the ball python!
You kill the ball python!
You have reached level 3!
Your experience leads to an increase in your attributes!
Increase (S)trength, (I)ntelligence, or (D)exterity?
You feel clever.
There is an open door here.
Found a stone staircase leading up.
There is a stone staircase leading up here.
An adder comes into view.
The adder hisses angrily.
The adder moves out of view.
An adder is nearby!
You hit the adder. Your grab misses the adder.
The adder is moderately wounded.
You block the adder's attack.
You barely miss the adder. You grab the adder. You squeeze the adder!
You kill the adder!
A sky beast comes into view.
You hit the sky beast.
The sky beast is lightly wounded.
The sky beast closely misses you.
You hit the sky beast. Your squeeze misses the sky beast.
The sky beast is moderately wounded.
The sky beast hits you. The sky beast shocks you.
Your shield prevents you from hitting the sky beast.
The sky beast is moderately wounded.
The sky beast hits you. The sky beast shocks you. The sky beast hits you.
The sky beast shocks you.
* * * LOW HITPOINT WARNING * * *
You closely miss the sky beast.
The sky beast is moderately wounded.
The sky beast flickers out of sight!
Deactivating autopickup; reactivate with Ctrl-A.
Something hits you.
* * * LOW HITPOINT WARNING * * *
Something shocks you.
You die...

##'## #.#
#.#####..# #.#
#........########.#
#######........<#.#
#....#.##.#.#
#############.#.#
................#
...#...#...##.###
......{@......#
...#...#...#..#
..............#
###############


There were no monsters in sight!

Vanquished Creatures
  An adder (D:2)
  A dart slug (D:1)
  4 ball pythons
  3 bats (D:1)
  3 endoplasms (D:1)
  2 goblins (D:1)
  2 hobgoblins (D:1)
  2 quokkas (D:1)
  2 rats (D:1)
20 creatures vanquished.

Notes
Turn   | Place    | Note
-------+----------+-------------------------------------------
     0 | D:1      | porpoise the Octopode Fighter began the quest for the Orb.
     0 | D:1      | Reached XP level 1. HP: 16/16 MP: 1/1
    64 | D:1      | Reached skill level 1 in Stealth
    90 | D:1      | Reached XP level 2. HP: 21/21 MP: 2/2
  1063 | D:1      | You fall into a shaft and drop 1 floor!
  1128 | D:2      | Reached XP level 3. HP: 26/26 MP: 3/3
  1150 | D:2      | Noticed a sky beast
  1157 | D:2      | Slain by a sky beast

Illustrated notes

Levels and vault maps discovered:
D:1:      lemuel_arrival_room, layout_basic
D:2:      layout_loops_corners, lemuel_coloured_pillars_altar,
          makhleb_altar_promises_db, uniq_crazy_yiuf_cottage

Skill      XL: |  1  2 |
---------------+-------+-----
Stealth        | 1 2 |  2.8
Fighting       | |  3.7
Short Blades   | |  2.0
Dodging        | |  3.0
Shields        | |  3.0

Action                   || total
-------------------------++-------
Melee: Rapier            ||    28
       Constrict         ||     6
       Tentacles         ||     6
Throw: Dart              ||     3
 Stab: Sleeping          ||     4
Armor: Skin              ||     2
Dodge: Dodged            ||     9
Block: Kite shield       ||     5

Table legend: (Time is in decaauts)
 A = Elapsed time spent in this place.
 B = Non-inter-level travel time spent in this place.
 C = Inter-level travel time spent in this place.
 D = Time resting spent in this place.
 E = Time spent auto-exploring this place.
 F = Levels seen in this place.
 G = Mean time per level.
                   A        B        C        D        E       F      G
               +--------+--------+--------+--------+--------+-----+--------+
         Total |   1167 |   1167 |      0 |    282 |    712 |   2 |  583.5 |
       Dungeon |   1167 |   1167 |      0 |    282 |    712 |   2 |  583.5 |
               +--------+--------+--------+--------+--------+-----+--------+

Top non-repeatable levels by time:
     D:1: 1071 daAuts
     D:2: 96 daAuts
